 Dungeon Crawl Stone Soup version bcrawl-1.25 (console) character file.

Game seed: 9459641633397545299

2540 Colgate the Chucker (level 9, -1/72 HPs)
             Began as a Ghoul Abyssal Knight on June 29, 2020.
             Was a Priest of Lugonu.
             Splashed by a brown ugly thing's acid (7 damage)
             ... on level 8 of the Dungeon.
             The game lasted 01:44:04 (7861 turns).

Colgate the Chucker (Ghoul Abyssal Knight)          Turns: 7861, Time: 01:44:04

Health: -1/72      AC:  6    Str: 22    XL:     9   Next: 55%
Magic:  10/10      EV: 11    Int:  8    God:    Lugonu [***...]
Gold:   314        SH:  0    Dex:  9    Spells: 8/8 levels left

rFire    . . .     SeeInvis .     - Claws (14.7)
rCold    + . .     Gourm    .   (no shield)
rNeg     + + +     Faith    .   c - +0 scale mail
rPois    ∞         Spirit   .   I - +0 helmet (curse)
rElec    .         Reflect  .   w - +0 cloak
rCorr    .         Harm     .   (no gloves)
MR       +....                  n - +0 pair of boots
Stlth    ..........             (no amulet)
HPRegen  0.00/turn              s - +5 ring of strength
MPRegen  0.12/turn              B - ring of protection from magic

@: corroded, rotting
A: rotting body, claws 1, carnivore, cold resistance 1, negative energy
resistance 3, inhibited regeneration, torment resistance, unbreathing
a: Depart the Abyss, Bend Space, Banish, Renounce Religion


You were on level 8 of the Dungeon.
You worshipped Lugonu.
Lugonu was most pleased with you.
You were not hungry.

You visited 2 branches of the dungeon, and saw 9 of its levels.
You visited the Abyss 1 time.

You collected 603 gold pieces.
You spent 289 gold pieces at shops.

Inventory:

Hand Weapons
 u - a +2 short sword
 J - a +1 dagger of draining
Missiles
 b - 6 tomahawks of dispersal {=f}
 g - 67 needles of confusion
 h - 81 tomahawks (quivered)
 j - 268 bolts
 x - 64 poisoned tomahawks
 C - 1046 arrows
 E - 1339 stones
 Y - 717 sling bullets
Armour
 c - a +0 scale mail (worn)
 d - a +0 ring mail
 k - a +0 scale mail
 l - a +0 ring mail
 n - a +0 pair of boots (worn)
 w - a +0 cloak (worn)
 F - the +1 pair of gloves "Leymibb" {rC- Dex+6, unknown}
   (You found it on level 7 of the Dungeon)

   It affects your dexterity (+6).
   It makes you vulnerable to cold.
 G - a +0 scale mail
 I - a cursed +0 helmet (worn)
 M - a +0 ring mail
Jewellery
 p - an uncursed ring of see invisible
 r - an uncursed ring of stealth {unknown}
 s - a +5 ring of strength (left claw)
 v - an uncursed ring of protection from cold
 B - a ring of protection from magic (right claw)
Wands
 z - a wand of acid (2)
Scrolls
 f - 3 scrolls of blinking {unknown}
 i - 2 scrolls of remove curse
 m - 3 scrolls of amnesia {unknown}
 o - a scroll of immolation {unknown}
 t - a scroll of summoning {unknown}
 y - 2 scrolls of magic mapping
 A - a scroll of enchant armour {unknown}
 N - a scroll of fog {unknown}
 P - 6 scrolls of identify
 X - 2 scrolls of fear {unknown}
Potions
 a - a potion of flight {unknown}
 q - a potion of lignification {unknown}
 D - 3 potions of curing
 K - a potion of agility {unknown}
 L - a potion of degeneration {unknown}
 O - a potion of cancellation {unknown}
 S - a potion of haste
Comestibles
 e - 13 rations {!d}
 H - 3 chunks of flesh


   Skills:
 + Level 4.7 Fighting
 + Level 3.4 Short Blades
 + Level 7.6 Throwing
 + Level 4.7 Armour
 + Level 3.2 Dodging
 + Level 1.2 Stealth
 + Level 5.3 Unarmed Combat
 + Level 3.1 Invocations
 + Level 0.4 Evocations


You had 8 spell levels left.
You didn't know any spells.
Your spell library contained the following spells:

 Spells                   Type           Power        Failure   Level  Hunger
 Apportation              Tloc           #.....       28%         1    ##.....
 Beckoning                Tloc           #.........   61%         3    ####...
 Summon Butterflies       Summ           #.......     73%         1    ##.....
 Tukima's Dance           Hex            #.......     97%         3    ####...
 Invisibility             Hex            #.......     100%        6    #######


Dungeon Overview and Level Annotations

Branches:
Dungeon (8/12)             Temple (1/1) D:7
   Lair: D:7-9          Orc: D:8-11

Altars:
Ashenzari
Cheibriados
Dithmenos
Elyvilon
Fedhas
Gozag
Hepliaklqana
Kikubaaqudgha
Lugonu
Makhleb
Nemelex Xobeh
Okawaru
Ru
Sif Muna
Trog
Uskayaw
Vehumet
Wu Jian
Xom
Yredelemnul
Zin
The Shining One

Shops:
D:4 =   D:5 ?   D:6 }

Annotations:
D:7 Duvessa


Innate Abilities, Weirdness & Mutations

Your body is rotting away.
You thrive on raw meat.
You are immune to poison.
You have sharp fingernails.
You are carnivorous and can eat meat at any time.
Your flesh is cold resistant. (rC+)
You are immune to negative energy. (rN+++)
You do not regenerate when monsters are visible.
You are immune to unholy pain and torment.
You can survive without breathing.


Message History

The brown ugly thing punches you! The acid corrodes you!
You are splashed with acid.
You scratch the brown ugly thing.
The brown ugly thing is heavily wounded.
The brown ugly thing punches you.
You are splashed with acid.
You scratch the brown ugly thing.
Space warps horribly around the brown ugly thing!
The brown ugly thing is severely wounded.
You closely miss the brown ugly thing.
The brown ugly thing is severely wounded.
The brown ugly thing punches you.
You are splashed with acid!
The orc closely misses you.
You closely miss the brown ugly thing.
The brown ugly thing is severely wounded.
The brown ugly thing punches you.
* * * LOW HITPOINT WARNING * * *
You are splashed with acid!
* * * LOW HITPOINT WARNING * * *
The orc hits you but does no damage. The brown ugly thing punches you.
* * * LOW HITPOINT WARNING * * *
The acid corrodes you!
You are splashed with acid!
You die...

# #. #. ..### ...
#.####.#########.
#......o.u......>
#######.@..#####
#....## #.....#####
..# ####......##..##
#......##...#
######......##.#.#
#...........##.#.#
#................##.#
#.......÷###......#.#
#........# #....#.#.#
#.....^..# #........#


You could see a brown ugly thing and an orc.

Vanquished Creatures
  A hippogriff (D:5)
  A spriggan (D:7)
  Sigmund (D:5)
  A hungry ghost (D:3)
  A water moccasin (D:7)
  2 sky beasts
  A phantom (D:5)
  An orc warrior (D:7)
  4 ogres
  A big kobold (D:7)
  3 bullfrogs
  Dowan (D:7)
  4 crimson imps
  A jelly (D:5)
  5 hounds
  2 orc priests (D:6)
  2 orc wizards (D:3)
  Jessica (D:2)
  An iguana (D:4)
  4 worker ants
  A hound skeleton (D:2)
  A worker ant zombie (D:6)
  4 adders
  2 shadow imps
  3 oozes
  5 worms
  2 dart slugs
  5 leopard geckos
  9 orcs
  3 giant cockroaches
  13 goblins
  12 hobgoblins
  10 jackals
  11 kobolds
  3 quokkas
  5 ball pythons
  4 bats
  4 frilled lizards (D:1)
  A jackal skeleton (D:4)
  A jackal zombie (D:5)
  6 rats
  A plant (D:1)
144 creatures vanquished.

Vanquished Creatures (others)
  A gnoll (D:1)
1 creature vanquished.

Grand Total: 145 creatures vanquished

Notes
Turn   | Place    | Note
-------+----------+-------------------------------------------
     0 | Abyss:1  | Colgate the Ghoul Abyssal Knight began the quest for the
                  | Orb.
     0 | Abyss:1  | Reached XP level 1. HP: 19/19 MP: 1/1
     5 | Abyss:1  | Found a corrupted altar of Lugonu.
    95 | Abyss:1  | Noticed a jelly
   102 | D:1      | Escaped the Abyss
   210 | D:1      | Reached * piety under Lugonu
   210 | D:1      | Reached skill level 1 in Dodging
   210 | D:1      | Reached XP level 2. HP: 18/25 MP: 2/2
   582 | D:1      | Reached XP level 3. HP: 30/31 MP: 3/3
   903 | D:1      | Reached skill level 1 in Throwing
   998 | D:2      | Noticed Jessica
  1059 | D:2      | Killed Jessica
  1059 | D:2      | Reached XP level 4. HP: 18/40 MP: 4/4
  1307 | D:2      | Reached ** piety under Lugonu
  1718 | D:2      | Reached XP level 5. HP: 45/46 MP: 5/5
  2137 | D:2      | Found a bloodstained altar of Trog.
  2277 | D:1      | Reached skill level 1 in Short Blades
  3062 | D:3      | Found a shimmering blue altar of Sif Muna.
  3074 | D:3      | Reached skill level 2 in Throwing
  3243 | D:4      | Found Xitt's Jewellery Boutique.
  3261 | D:4      | Noticed an ogre
  3263 | D:4      | Killed an ogre
  3263 | D:4      | Reached XP level 6. HP: 52/52 MP: 7/7
  3745 | D:4      | Noticed a hungry ghost
  3999 | D:3      | Killed a hungry ghost
  3999 | D:3      | Reached XP level 7. HP: 49/60 MP: 6/8
  4318 | D:3      | Reached skill level 3 in Throwing
  4321 | D:3      | Reached *** piety under Lugonu
  4425 | D:4      | Found a snail-covered altar of Cheibriados.
  4425 | D:4      | Found a white marble altar of Elyvilon.
  4612 | D:5      | Entered Level 5 of the Dungeon
  4664 | D:5      | Noticed Sigmund
  4677 | D:5      | Killed Sigmund
  4758 | D:5      | Reached skill level 4 in Throwing
  4758 | D:5      | Reached XP level 8. HP: 57/67 MP: 9/9
  4777 | D:4      | Bought a +5 ring of strength for 289 gold pieces
  4928 | D:5      | Found Kaafaitt's Magic Scroll Shoppe.
  5069 | D:5      | Noticed a hippogriff
  5076 | D:5      | Killed a hippogriff
  5076 | D:5      | Reached skill level 5 in Throwing
  5648 | D:6      | Found Oruemmif's Gadget Emporium.
  5654 | D:6      | Found a sacrificial altar of Ru.
  5998 | D:6      | Reached skill level 6 in Throwing
  5998 | D:6      | Reached skill level 1 in Stealth
  6203 | D:6      | Reached XP level 9. HP: 71/71 MP: 10/10
  6633 | D:7      | Found a staircase to the Ecumenical Temple.
  6728 | D:7      | Reached skill level 7 in Throwing
  6749 | Temple   | Entered the Ecumenical Temple
  7063 | D:7      | Got a pair of faintly humming gloves
  7160 | D:7      | Reached skill level 5 in Unarmed Combat
  7413 | D:7      | Noticed Dowan
  7420 | D:7      | Killed Dowan
  7440 | D:7      | Noticed Duvessa
  7657 | D:8      | Noticed a brown ugly thing
  7861 | D:8      | Splashed by a brown ugly thing's acid

Skill      XL: |  1  2  3  4  5  6  7  8  9 |
---------------+----------------------------+-----
Dodging        | 1 2 3 |  3.2
Armour         | 2 3 4 |  4.7
Unarmed Combat | 3 4 5 |  5.3
Throwing       | 1 2 4 6 7 |  7.6
Fighting       | 4 |  4.7
Short Blades   | 1 2 3 |  3.4
Invocations    | 3 |  3.1
Stealth        | 1 |  1.2
Evocations     | |  0.4

Action                   |  1- 3 |  4- 6 |  7- 9 || total
-------------------------+-------+-------+-------++-------
Melee: Unarmed           |   110 |       |   117 ||   227
       Dagger            |   107 |   164 |       ||   271
       Punch             |     2 |     3 |       ||     5
       Short sword       |       |   126 |    24 ||   150
Throw: Stone             |    35 |    56 |    46 ||   137
       Tomahawk          |       |    42 |   148 ||   190
Invok: Depart the Abyss  |     1 |       |       ||     1
       Bend Space        |       |     4 |       ||     4
       Banish            |       |     1 |       ||     1
Evoke: Wand              |       |     5 |     1 ||     6
  Use: Scroll            |     2 |     7 |       ||     9
       Potion            |     1 |     1 |     1 ||     3
  Eat: Chunk             |     3 |     9 |    13 ||    25
       Ration            |       |     2 |     1 ||     3
Armor: Leather armour    |    20 |    43 |    17 ||    80
       Chain mail        |    48 |   114 |       ||   162
       Scale mail        |       |       |    15 ||    15
Dodge: Dodged            |    54 |   122 |    62 ||   238
